 Dungeon Crawl Stone Soup version 0.31-a0-963-ga325b2283a (webtiles) character file.

Game seed: 9716931848232364675

7099 graki42 the Protected (level 11, -45/69 HPs)
             Began as a Gargoyle Fighter on Oct 25, 2023.
             Was an Elder of Makhleb.
             Annihilated by an enormous slime creature (50 damage)
             ... on level 10 of the Dungeon.
             The game lasted 00:25:59 (8041 turns).

graki42 the Protected (Gargoyle Fighter)            Turns: 8041, Time: 00:26:00

Health: -45/69     AC: 24    Str: 30    XL:     11   Next: 10%
Magic:  16/16      EV:  7    Int:  9    God:    Makhleb [****..]
Gold:   679        SH: 10    Dex:  9    Spells: 10/10 levels left

rFire   . . .        i - +4 whip (venom)
rCold   . . .        l - +0 kite shield
rNeg    + . .        v - +0 plate armour
rPois   ∞            o - +0 helmet
rElec   +            (no cloak)
rCorr   .            c - +0 pair of gloves
SInv    .            (no boots)
Will    .....        q - amulet of regeneration Stlth
                     B - +6 ring of strength
HPRegen 1.11/turn    (no ring)
MPRegen 0.15/turn

%: no passive effects
@: no status effects
A: sickness immunity, AC +8, negative energy resistance 1, electricity
resistance, torment resistance 1, petrification resistance
a: Renounce Religion, Minor Destruction, Lesser Servant of Makhleb, Major
Destruction


You were on level 10 of the Dungeon.
You worshipped Makhleb.
Makhleb was greatly pleased with you.
You visited 2 branches of the dungeon, and saw 11 of its levels.

You collected 679 gold pieces.

Inventory:

Hand Weapons
 i - a +4 whip of venom (weapon)
Missiles
 b - 4 throwing nets
Armour
 c - a +0 pair of gloves (worn)
 l - a +0 kite shield (worn)
 o - a +0 helmet (worn)
 v - a +0 plate armour (worn)
Jewellery
 q - an amulet of regeneration (around neck)
 B - a +6 ring of strength (left hand)
Wands
 t - a wand of digging (10)
Scrolls
 a - 2 scrolls of identify
 e - 3 scrolls of teleportation
 m - a scroll of fog {unknown}
 n - a scroll of poison
 p - 3 scrolls of vulnerability
 s - a scroll of blinking
 y - a scroll of summoning
 D - a scroll of enchant weapon
 E - a scroll of amnesia
Potions
 d - 2 potions of might
 f - a potion of ambrosia
 g - 5 potions of curing
 h - a potion of enlightenment {unknown}
 j - 3 potions of brilliance
 k - 2 potions of haste
 u - 3 potions of invisibility
 C - 3 potions of lignification


   Skills:
 + Level 8.9 Fighting
 + Level 7.8 Maces & Flails
 + Level 9.0 Armour
 + Level 9.0 Shields
 + Level 7.8 Invocations


You had 10 spell levels left.
You didn't know any spells.
Your spell library contained the following spells:

 Spells                   Type           Power      Damage    Failure   Level
 Apportation              Tloc           0%         N/A       99%         1
 Jinxbite                 Hex            0%         N/A       100%        2
 Alistair's Intoxication  Tmut/Pois      0%         N/A       100%        5


Dungeon Overview and Level Annotations

Branches:
Dungeon (10/15)            Temple (1/1) D:4             Orc (0/2) D:10
   Lair: D:8-11

Altars:
Ashenzari
Cheibriados
Dithmenos
Elyvilon
Fedhas
Gozag
Hepliaklqana
Kikubaaqudgha
Makhleb
Nemelex Xobeh
Okawaru
Qazlal
Ru
Sif Muna
Trog
Uskayaw
Vehumet
Wu Jian
Xom
Yredelemnul
Zin
The Shining One

Shops:
D:1 *   D:5 [   D:7 =

Annotations:
D:8 2 transporters, Azuregosa's ghost, novice OpDe


Innate Abilities, Weirdness & Mutations

You are immune to sickness and miasma.
Your stone body is resilient. (AC +8)
You are immune to poison.
You resist negative energy. (rN+)
You are resistant to electric shocks. (rElec)
You are resistant to unholy torment.
You are immune to petrification.


Message History

You hit the slime creature.
The slime creature is lightly wounded.
The slime creature closely misses you.
Two slime creatures merge to form a large slime creature.
You completely miss the large slime creature.
The large slime creature is lightly wounded.
You whack the large slime creature!
The large slime creature is lightly wounded.
You barely miss the large slime creature.
The large slime creature is lightly wounded.
Two slime creatures merge to form a very large slime creature.
You whack the very large slime creature!
The very large slime creature is lightly wounded.
You hit the very large slime creature.
The very large slime creature is lightly wounded.
The very large slime creature hits you!
Two slime creatures merge to form an enormous slime creature.
You hit the enormous slime creature.
The enormous slime creature is poisoned.
The enormous slime creature is lightly wounded.
You hit the enormous slime creature.
The enormous slime creature is lightly wounded.
You hit the enormous slime creature.
The enormous slime creature is lightly wounded.
You whack the enormous slime creature!
The enormous slime creature is moderately wounded.
You block the enormous slime creature's attack.
You whack the enormous slime creature!
The enormous slime creature is moderately wounded.
Unknown command.
You hit the enormous slime creature.
The enormous slime creature is moderately wounded.
The enormous slime creature hits you!!!
Ouch! That really hurt!
* * * LOW HITPOINT WARNING * * *
You whack the enormous slime creature!
The enormous slime creature is moderately wounded.
The enormous slime creature hits you!!!
Ouch! That really hurt!
You die...

#.#.....# #..# #.#8...8#
#.## #.#########.#####
....# #.......# ....#
#.......# ....#
#.......#
....#####......)#
....'...#.......#####...
....###.......>.@J....#
....# ###.......#######
....# ######### #####


You could see an enormous slime creature (poisoned).

Vanquished Creatures
  A centaur warrior (D:10)
  A gargoyle (D:10)
  A kobold demonologist (D:9)
  A troll (D:10)
  Grinder (D:4)
  Prince Ribbit (D:6)
  A shadow (D:10)
  A wyvern (D:9)
  Sigmund (D:4)
  3 yaks (D:9)
  2 water moccasins (D:9)
  A black bear (D:7)
  An orc warrior (D:8)
  6 ice beasts
  7 ogres
  4 centaurs
  A phantom (D:5)
  5 kobold brigands
  4 gnoll sergeants (D:10)
  A bullfrog (D:6)
  2 scorpions (D:5)
  4 wights (D:8)
  7 killer bees (D:9)
  7 howler monkeys
  6 hounds
  5 orc priests
  A gnoll bouda (D:6)
  3 jellies
  Ijyb (D:4)
  An iguana (D:4)
  A sleepcap (D:6)
  5 orc wizards
  14 gnolls
  10 adders
  A shadow imp (D:5)
  2 white imps
  2 ufetubi (D:5)
  5 worms
  3 dart slugs
  25 orcs
  4 bats
  7 endoplasms
  A giant cockroach (D:1)
  4 goblins
  7 hobgoblins
  14 kobolds
  3 quokkas
  10 ball pythons
  4 frilled lizards
  3 rats
206 creatures vanquished.

Notes
Turn   | Place    | Note
-------+----------+-------------------------------------------
     0 | D:1      | graki42 the Gargoyle Fighter began the quest for the Orb.
     0 | D:1      | Reached XP level 1. HP: 14/14 MP: 1/1
   210 | D:1      | Reached XP level 2. HP: 19/19 MP: 2/2
   329 | D:1      | Found Dereavi's Assorted Antiques.
   708 | D:1      | Reached XP level 3. HP: 23/23 MP: 3/3
   999 | D:2      | Reached XP level 4. HP: 29/29 MP: 4/4
  1523 | D:2      | Found a burning altar of Makhleb.
  1531 | D:2      | Became a worshipper of Makhleb the Destroyer
  2583 | D:4      | Reached XP level 5. HP: 33/33 MP: 5/5
  2583 | D:4      | Found a staircase to the Ecumenical Temple.
  2687 | D:4      | Noticed an ogre
  2697 | D:4      | Killed an ogre
  2698 | D:4      | Reached skill level 1 in Invocations
  2823 | D:4      | Noticed Sigmund
  2834 | D:4      | Reached XP level 6. HP: 38/39 MP: 7/7
  2846 | Temple   | Entered the Ecumenical Temple
  2877 | D:4      | Killed Sigmund
  3010 | D:4      | Noticed Grinder
  3028 | D:4      | Killed Grinder
  3029 | D:4      | Reached skill level 5 in Fighting
  3029 | D:4      | Reached skill level 5 in Armour
  3029 | D:4      | Reached skill level 5 in Shields
  3029 | D:4      | Reached XP level 7. HP: 44/44 MP: 7/9
  3053 | D:4      | Reached * piety under Makhleb
  3073 | D:4      | Noticed Ijyb
  3107 | D:4      | Killed Ijyb
  3231 | D:4      | Reached XP level 8. HP: 25/50 MP: 10/10
  3466 | D:5      | Entered Level 5 of the Dungeon
  3507 | D:5      | Found Doest's Armour Shop.
  4063 | D:5      | Reached skill level 5 in Maces & Flails
  4113 | D:5      | Found a basalt altar of Yredelemnul.
  4400 | D:6      | Reached ** piety under Makhleb
  4477 | D:6      | Reached XP level 9. HP: 56/56 MP: 12/12
  4491 | D:6      | Found a hide-covered altar of Uskayaw.
  4491 | D:6      | Found a sacrificial altar of Ru.
  4501 | D:6      | Found an opulent altar of Gozag.
  4505 | D:6      | Found a sparkling altar of Nemelex Xobeh.
  4506 | D:6      | Noticed Prince Ribbit
  4537 | D:6      | Killed Prince Ribbit
  4538 | D:6      | Reached skill level 5 in Invocations
  5077 | D:7      | Found a hazy altar of Hepliaklqana.
  5388 | D:7      | Found Ceaxo's Jewellery Emporium.
  5871 | D:8      | Noticed a troll
  5877 | D:8      | Noticed a two-headed ogre
  5879 | D:8      | Noticed a troll
  5882 | D:8      | Identified the amulet "Fuqairics" {Spirit Harm}
  5882 | D:8      | Noticed a deep elf pyromancer
  5932 | D:8      | Found a radiant altar of Vehumet.
  6000 | D:8      | Reached XP level 10. HP: 35/63 MP: 14/14
  6008 | D:8      | Reached *** piety under Makhleb
  6115 | D:8      | Noticed a cyclops
  6260 | D:8      | Noticed Azuregosa's ghost (novice OpDe)
  6290 | D:8      | Found a transporter.
  6294 | D:8      | Found a transporter.
  6309 | D:8      | Identified the +8 trident "Xufai" {flame, rN+ Int+2 Dex-2}
  6530 | D:9      | Identified the +2 arbalest "Uteec" {heavy, *Corrode rPois
                  | Dex+5}
  6969 | D:9      | Noticed a kobold demonologist
  6971 | D:9      | Noticed a soul eater
  6975 | D:9      | Noticed a soul eater
  6984 | D:9      | Killed a kobold demonologist
  7160 | D:10     | Entered Level 10 of the Dungeon
  7160 | D:10     | Noticed a gargoyle
  7179 | D:10     | Killed a gargoyle
  7212 | D:10     | Noticed a centaur warrior
  7230 | D:10     | Killed a centaur warrior
  7269 | D:10     | Found a stormy altar of Qazlal.
  7270 | D:10     | Found a shimmering blue altar of Sif Muna.
  7672 | D:10     | Found a staircase to the Orcish Mines.
  7702 | D:10     | Reached XP level 11. HP: 54/69 MP: 16/16
  7948 | D:10     | Reached **** piety under Makhleb
  8041 | D:10     | Annihilated by an enormous slime creature

Illustrated notes

Levels and vault maps discovered:
D:1:      lightli_arrival_isolated_outpost, layout_basic, serial_shops,
          nicolae_shop_pleasant_corner_grove
D:2:      layout_basic, basic_altar
D:3:      layout_basic, minmay_surrounded
D:4:      layout_basic, minmay_temple_entry_waves, hex_large,
          minmay_crystal_room, uniq_ijyb, uniq_grinder, uniq_sigmund
D:5:      layout_gridville, general_overflow_altar, serial_shops,
          nicolae_shop_tiny_waterfront
D:6:      layout_gridville, nicolae_overflow_macrodata_refinement,
          minmay_quadrilaterals, uniq_prince_ribbit1
D:7:      layout_basic, old_standard_altar, serial_shops,
          nicolae_shop_just_a_little_nook
D:8:      layout_loops_cross, nicolae_vehumet_radiance, nzn_ghost_randoct
D:9:      layout_roguey
D:10:     layout_roguey, gammafunk_temple_overflow_pools,
          kennysheep_orc_monster_closet_entryway, patterned_corridor
Temple:   nicolae_temple_figure_eight

Skill      XL: |  1  2  3  4  5  6  7  8  9 10 11 |
---------------+----------------------------------+-----
Armour         | 4 5 6 7 8 9 |  9.0
Fighting       | 4 5 6 7 8 |  8.9
Shields        | 4 5 6 7 8 9 |  9.0
Maces & Flails | 3 4 5 6 7 |  7.8
Invocations    | 1 2 3 4 6 7 |  7.8

Action                     |  1- 3 |  4- 6 |  7- 9 | 10-12 || total
---------------------------+-------+-------+-------+-------++-------
  Melee: Flail             |    78 |       |       |       ||    78
         Whip              |    35 |   128 |   393 |   324 ||   880
         Unarmed           |       |       |     5 |       ||     5
    Use: Potion            |       |       |     3 |       ||     3
         Scroll            |       |       |    11 |     6 ||    17
 Armour: Scale mail        |    64 |    15 |       |       ||    79
         Chain mail        |       |    14 |       |       ||    14
         Plate armour      |       |    50 |   261 |   257 ||   568
         Skin              |       |       |     2 |       ||     2
  Dodge: Dodged            |    66 |    28 |    78 |    95 ||   267
  Block: Buckler           |    12 |       |       |       ||    12
         Kite shield       |     4 |    44 |   143 |   163 ||   354

Table legend: (Time is in decaauts)
 A = Elapsed time spent in this place.
 B = Non-inter-level travel time spent in this place.
 C = Inter-level travel time spent in this place.
 D = Time resting spent in this place.
 E = Time spent auto-exploring this place.
 F = Levels seen in this place.
 G = Mean time per level.
                   A        B        C        D        E       F      G
               +--------+--------+--------+--------+--------+-----+--------+
         Total |   8004 |   7761 |    243 |     93 |   5886 |  11 |  727.6 |
       Dungeon |   7981 |   7738 |    243 |     72 |   5886 |  10 |  798.1 |
        Temple |     22 |     22 |      0 |     21 |      0 |   1 |   22.0 |
               +--------+--------+--------+--------+--------+-----+--------+

Top non-repeatable levels by time:
     D:1: 927 daAuts
     D:3: 884 daAuts
     D:4: 877 daAuts
     D:2: 797 daAuts
    D:10: 792 daAuts
     D:7: 780 daAuts
     D:5: 747 daAuts
     D:9: 744 daAuts
     D:8: 724 daAuts
     D:6: 705 daAuts
  Temple: 22 daAuts
